 Dungeon Crawl Stone Soup version 0.19.5 (webtiles) character file.

72 snowfan the Conjurer (level 4, 0/30 HPs)
             Began as a Mummy Wizard on May 16, 2017.
             Slain by a crimson imp (2 damage)
             ... summoned by Natasha
             ... on level 2 of the Dungeon.
             The game lasted 00:06:29 (1808 turns).

snowfan the Conjurer (Mummy Wizard)                 Turns: 1808, Time: 00:06:30

Health: 0/30       AC:  3    Str: 10    XL:     4   Next: 6%
Magic:  1/8        EV: 12    Int: 18    God:
Gold:   121        SH:  0    Dex: 10    Spells: 1 memorised, 8 levels left

rFire  x . .     SeeInvis .     i - +0 hunting sling
rCold  + . .     Gourm    .     a - +0 robe
rNeg   + + +     Faith    .     (no shield)
rPois  ∞         Spirit   .     b - +0 hat
rElec  .         Reflect  .     (no cloak)
rCorr  .         Harm     .     (no gloves)
MR     .....                    m - +0 pair of boots
Stlth  ++........               (no amulet)
                                (no ring)
                                (no ring)

@: very slightly contaminated
A: no food or potions, fire vulnerability, cold resistance 1, negative energy
resistance 3, torment resistance, unbreathing
a: no special abilities


You were on level 2 of the Dungeon.
You were not hungry.

You visited 1 branch of the dungeon, and saw 2 of its levels.

You collected 121 gold pieces.

Inventory:

Hand Weapons
 f - a +0 short sword
 g - a +0 dagger
 i - a +0 hunting sling (weapon)
 n - a +1 dagger of holy wrath
Missiles
 e - 105 stones (quivered)
Armour
 a - a +0 robe (worn)
 b - a +0 hat (worn)
 m - a +0 pair of boots (worn)
Wands
 k - a wand of paralysis (16/24)
Scrolls
 d - 3 scrolls of noise {unknown}
 h - 2 scrolls of identify {unknown}
 j - a scroll of teleportation {unknown}
 l - a scroll of magic mapping {unknown}
Books
 c - a book of Minor Magic

   Spells                             Type                      Level
   a - Magic Dart                     Conjuration                  1
   b - Blink                          Translocation                2
   c - Call Imp                       Summoning                    2
   d - Repel Missiles                 Charms/Air                   2
   e - Slow                           Hexes                        2
   f - Conjure Flame                  Conjuration/Fire             3
   g - Mephitic Cloud                 Conjuration/Poison/Air       3


   Skills:
 - Level 1.5 Dodging
 - Level 1.5 Stealth
 - Level 3.0 Spellcasting
 + Level 3.2 Conjurations
   Level 0.7 Summonings
   Level 0.7 Translocations


You had 8 spell levels left.
You knew the following spells:

 Your Spells              Type           Power        Failure   Level  Hunger
a - Magic Dart            Conj           ##..         4%          1    N/A

Dungeon Overview and Level Annotations

Branches:
Dungeon (2/15)

Altars:

Annotations:
D:2 Natasha


Innate Abilities, Weirdness & Mutations

You do not eat or drink.
Your flesh is vulnerable to fire.
You are immune to poison.
Your flesh is cold resistant. (rC+)
You are immune to negative energy. (rN+++)
You are immune to unholy pain and torment.
You can survive without breathing.


Message History

Casting: Magic Dart
Confirm with . or Enter, or press ? or * to list all spells.
Aiming: Magic Dart
Press: ? - help, Shift-Dir - straight line, f/p - Natasha
Aim: Natasha, carrying a wand of polymorph {zapped: 2} (lightly wounded)
You miscast Magic Dart.
You are very lightly contaminated with residual magic.
Nothing appears to happen.
Natasha zaps a wand.
You are too injured to fight recklessly!
Firing (i - inventory):
e - 106 stones (quivered)
Press: ? - help, Shift-Dir - straight line, f/p - Natasha
Aim: Natasha, carrying a wand of polymorph {zapped: 3} (lightly wounded)
You shoot a stone. The stone closely misses Natasha.
Natasha casts a spell at you. The magic dart hits you!
* * * LOW HITPOINT WARNING * * *
Natasha zaps a wand.
Natasha casts a spell.
The crimson imp hits you.
You die...

#....>...(# #.# #..#
#.......(.####.###..#
#........(....).....#
#.........####.####.#
#.........#.......#.#
#########h#.#####.#.#
#(#.# #...> ### #.#.#
#..#. ##@## #)#.#
#....
##h#5###.#.#####.###
#.#..÷...#.......#
##..(######.#.#### #
##.## #.#.# # #.#
#.#.# # #.# #.#.# #
#.# #.#.# # #.# #.#.#
#


You could see Natasha and a crimson imp.

Vanquished Creatures
  Robin (D:2)
  An adder (D:2)
  An ooze (D:1)
  A worm (D:2)
  2 dart slugs
  2 ball pythons (D:2)
  2 giant cockroaches
  6 hobgoblins
  A quokka (D:2)
  5 bats
  9 goblins
  7 kobolds
  3 rats
41 creatures vanquished.

Notes
Turn   | Place    | Note
-------+----------+-------------------------------------------
     0 | D:1      | snowfan the Mummy Wizard began the quest for the Orb.
     0 | D:1      | Reached XP level 1. HP: 13/13 MP: 4/4
    47 | D:1      | Reached skill level 1 in Conjurations
   175 | D:1      | Reached XP level 2. HP: 10/19 MP: 0/6
  1010 | D:2      | Reached XP level 3. HP: 24/24 MP: 5/7
  1058 | D:2      | Found a faded altar of an unknown god.
  1711 | D:2      | Noticed Robin
  1741 | D:2      | Killed Robin
  1759 | D:2      | Reached XP level 4. HP: 17/30 MP: 0/8
  1771 | D:2      | Noticed Natasha
  1795 | D:2      | HP: 1/30 [Natasha/magic dart (9)]
  1808 | D:2      | Slain by a crimson imp

Skill      XL: |  1  2  3 |
---------------+----------+-----
Conjurations   | 1 2 3 |  3.2
Dodging        | |  1.5
Stealth        | |  1.5
Spellcasting   | |  3.0
Summonings     | |  0.7
Translocations | |  0.7

Action                   |  1- 3 |  4- 6 || total
-------------------------+-------+-------++-------
Melee: Short sword       |    28 |       ||    28
       Unarmed           |     1 |       ||     1
 Fire: Hunting sling     |    22 |     7 ||    29
Throw: Stone             |     5 |       ||     5
 Cast: Magic Dart        |    65 |     3 ||    68
Armor: Robe              |    16 |       ||    16
Dodge: Dodged            |    58 |     5 ||    63
